PHILADELPHIA Flyers vs BUFFALO Sabres

Created - 11 avril 2024 at 22:56

Goals
1 2 3 T
PHILADELPHIA Flyers 1 0 1 2
BUFFALO Sabres 2 0 1 3
Shots
1 2 3 T
PHILADELPHIA Flyers 5 15 11 31
BUFFALO Sabres 14 14 6 34

1st period

1. PHILADELPHIA Flyers , Trevor Zegras 19 (Shea Weber 30) at 8:07
2. BUFFALO Sabres , Tage Thompson 33 (Logan O'Connor 21, Ryan Graves 47) at 15:27
3. BUFFALO Sabres , Nico Hischier 40 (Filip Hronek 43, Jesper Bratt 40) at 17:01

Penalties :
Trevor Zegras (PHI) for Tripping (Minor) at 1:56, Filip Chytil (PHI) for Boarding (Minor) at 8:58

2nd period

No Goal

Penalties :
Jesper Bratt (BUF) for Slashing (Minor) at 0:03, Jesper Bratt (BUF) for Cross-checking (Minor) at 17:41, Joel Edmundson (PHI) for Delaying the game (Minor) at 17:41

3rd period

4. BUFFALO Sabres , Valeri Nichushkin 20 (Filip Hronek 44, Jack Eichel 41) at 1:21 (PP)
5. PHILADELPHIA Flyers , Leon Draisaitl 53 (Filip Chytil 26, Brenden Dillon 22) at 3:17 (PP)

Penalties :
Sean Couturier (PHI) for Interference (Minor) at 1:17, Alex Tuch (BUF) for Slashing (Minor) at 2:45, Ivan Provorov (BUF) for Charging (Minor) at 6:08, Jakob Chychrun (BUF) for Cross-checking (Minor) at 8:57, Josh Leivo (PHI) for Holding (Minor) at 16:20, Jack Eichel (BUF) for Tripping (Minor) at 19:06

Goalie Stats

Anton Forsberg (PHI), 31 saves from 34 shots - (0,912), L, 35-31-9, 59:08 minutes
Igor Shesterkin (BUF), 29 saves from 31 shots - (0,935), W, 49-22-2, 60:00 minutes

Players Stats for PHILADELPHIA Flyers

Player Name              G  A  P  +/- PIM S  H  SB GA TA FO     MP     PP MP  PK MP  
------------------------------------------------------------------------------------
Alexander Edler          0  0  0   0  0   3  1  1  0  0  0/0    19:45   3:34   0:00 
Brenden Dillon           0  1  1  -1  0   2  7  1  0  0  0/0    24:08   3:48   3:28 
Chris Tierney            0  0  0  -1  0   0  1  0  0  0  5/9     8:49   0:00   0:00 
Claude Giroux            0  0  0   1  0   3  3  0  0  0  4/5    25:13   4:08   4:20 
Filip Chytil             0  1  1  -1  2   2  0  0  0  0  3/8    15:51   4:08   0:00 
Jakub Voracek            0  0  0  -1  0   0  0  0  0  0  0/0     8:49   0:00   0:00 
Joel Edmundson           0  0  0   0  2   0  0  1  0  0  0/0    15:36   0:00   2:03 
Jonathan Drouin          0  0  0   0  0   3  2  0  0  0  5/8     9:33   0:00   0:35 
Josh Leivo               0  0  0  -1  2   0  0  0  0  0  0/0     8:48   0:00   0:00 
Justin Schultz           0  0  0   0  0   1  1  2  0  0  0/0    21:04   3:48   0:58 
Leon Draisaitl           1  0  1   1  0   7  5  0  0  0  9/12   25:13   4:08   4:20 
Mike Hoffman             0  0  0   0  0   0  1  0  0  0  1/2    12:12   3:14   0:00 
Noah Juulsen             0  0  0   0  0   1  2  1  0  0  0/0    15:50   0:00   2:16 
Sam Gagner               0  0  0   0  0   1  0  0  0  0  0/0     8:58   0:00   0:00 
Sean Couturier           0  0  0  -1  2   1  0  0  0  0  8/17   16:38   3:14   1:41 
Sean Monahan             0  0  0  -1  0   1  1  0  0  0  0/0    12:05   0:00   0:00 
Shea Weber               0  1  1  -1  0   1  3  4  0  0  0/0    23:36   3:34   3:17 
Trevor Zegras            1  0  1   1  2   5  0  0  0  0  14/30  19:47   3:14   1:06 

Players Stats for BUFFALO Sabres

Player Name              G  A  P  +/- PIM S  H  SB GA TA FO     MP     PP MP  PK MP  
------------------------------------------------------------------------------------
Alex Tuch                0  0  0   0  2   2  3  0  0  0  0/1    22:36   2:36   1:50 
Brett Kulak              0  0  0   0  0   0  3  0  0  0  0/0    15:04   0:00   3:20 
Curtis Lazar             0  0  0   0  0   0  0  0  0  0  0/0     4:36   0:00   0:00 
Filip Hronek             0  2  2   2  0   2  2  0  0  0  0/0    18:50   2:29   0:00 
Ivan Provorov            0  0  0  -1  2   1  3  0  0  0  0/0    25:17   3:32   3:14 
Jack Eichel              0  1  1   0  2   3  0  0  0  0  14/28  21:09   2:59   0:00 
Jakob Chychrun           0  0  0   0  2   1  0  2  0  0  0/0    11:58   0:00   0:15 
Jesper Bratt             0  1  1   0  4   4  1  0  0  0  0/0    16:20   3:02   0:00 
Jonas Brodin             0  0  0  -1  0   5  3  2  0  0  0/0    26:36   3:32   4:32 
Logan O'Connor           0  1  1   1  0   2  1  0  0  0  0/2    14:42   0:00   5:32 
Mason McTavish           0  0  0   0  0   1  0  0  0  0  0/0     4:36   0:00   0:00 
Nick Bjugstad            0  0  0   0  0   1  0  0  0  0  2/3     6:20   0:00   1:44 
Nico Hischier            1  0  1   0  0   3  0  0  0  0  18/41  23:20   3:02   5:38 
Patrick Kane             0  0  0   0  0   0  0  0  0  0  0/0    17:32   0:00   0:00 
Ryan Graves              0  1  1   2  0   2  2  0  0  0  0/0    22:13   2:29   3:23 
Seth Jarvis              0  0  0   1  0   0  0  0  0  0  0/1     9:10   0:00   0:00 
Tage Thompson            1  0  1   1  0   5  4  0  0  0  7/13   13:29   2:59   0:00 
Valeri Nichushkin        1  0  1   0  0   2  4  0  0  0  1/2    16:45   3:25   0:00 

3 Stars

1 - Tage Thompson (BUF)
2 - Filip Hronek (BUF)
3 - Leon Draisaitl (PHI)

Power Play

PHILADELPHIA Flyers - 1 on 5 Attempt(s) - 20,00%
BUFFALO Sabres - 1 on 4 Attempt(s) - 25,00%

Penalty Kill

PHILADELPHIA Flyers - 3 on 4 Attempt(s) - 75,00% - Score 0 goal in Penalty Kill
BUFFALO Sabres - 4 on 5 Attempt(s) - 80,00% - Score 0 goal in Penalty Kill

Team Stat

PHILADELPHIA Flyers - Hits : 27 - Faceoff Wins : 49 - Blocked Shots : 10 - Penalty Minutes : 10
BUFFALO Sabres - Hits : 26 - Faceoff Wins : 42 - Blocked Shots : 4 - Penalty Minutes : 12

Official

Referees : Ian Walsh and Furman South
Linesman : Anna Hammar and Kirsten Welsh

Game Notes

No Game Note

Finance

Level 1 -- Attendance: 4758 (79,30%) -- Ticket Income $475,800
Level 2 -- Attendance: 4303 (86,06%) -- Ticket Income $258,180
Level 3 -- Attendance: 1934 (96,70%) -- Ticket Income $67,690
Level 4 -- Attendance: 3859 (96,48%) -- Ticket Income $77,180
Luxury Box -- Attendance: 866 (86,60%) -- Ticket Income $173,200
Game was played at the First Niagara Center.
Total Attendance: 15720 (87,33%)
Total Ticket Income: $1,052,050
Other Income: $263,012
Total Income: $1,315,062

PHILADELPHIA Flyers

5 vs 5 Forward 
   Center                   Left Wing                Right Wing               Time % Phy DF OF 
 1 Trevor Zegras            Leon Draisaitl           Claude Giroux            50     1   2  2  
 2 Sean Couturier           Filip Chytil             Sean Monahan             25     1   2  2  
 3 Jonathan Drouin          Mike Hoffman             Sam Gagner               15     1   2  2  
 4 Chris Tierney            Jakub Voracek            Josh Leivo               10     1   2  2  

5 vs 5 Defense 
   Defense                  Defense                                           Time % Phy DF OF 
 1 Brenden Dillon           Shea Weber                                        40     1   2  2  
 2 Alexander Edler          Justin Schultz                                    30     1   2  2  
 3 Joel Edmundson           Noah Juulsen                                      20     1   2  2  
 4 Alexander Edler          Shea Weber                                        10     1   2  2  

PowerPlay Forward 
   Center                   Left Wing                Right Wing               Time % Phy DF OF 
 1 Filip Chytil             Leon Draisaitl           Claude Giroux            60     1   2  2  
 2 Trevor Zegras            Mike Hoffman             Sean Couturier           40     1   2  2  

PowerPlay Defense
   Defense                  Defense                                           Time % Phy DF OF 
 1 Alexander Edler          Shea Weber                                        60     1   2  2  
 2 Brenden Dillon           Justin Schultz                                    40     1   2  2  

Penalty Kill 4 Players Forward 
   Center                   Wing                     Time % Phy DF OF 
 1 Leon Draisaitl           Claude Giroux            60     1   2  2  
 2 Sean Couturier           Trevor Zegras            40     1   2  2  

Penalty Kill 4 Players Defense
   Defense                  Defense                  Time % Phy DF OF 
 1 Noah Juulsen             Brenden Dillon           60     1   2  2  
 2 Shea Weber               Joel Edmundson           40     1   2  2  

Penalty Kill - 3 Players Forward 
   Forward                                           Time % Phy DF OF 
 1 Leon Draisaitl                                    60     1   2  2  
 2 Claude Giroux                                     40     1   2  2  

Penalty Kill - 3 Players Defense
   Defense                  Defense                  Time % Phy DF OF 
 1 Shea Weber               Brenden Dillon           60     1   2  2  
 2 Justin Schultz           Joel Edmundson           40     1   2  2  

4 vs 4 Forward 
   Center                   Wing                     Time % Phy DF OF 
 1 Leon Draisaitl           Claude Giroux            60     1   2  2  
 2 Sean Monahan             Trevor Zegras            40     1   2  2  

4 vs 4 Defense
   Defense                  Defense                  Time % Phy DF OF 
 1 Justin Schultz           Brenden Dillon           60     1   2  2  
 2 Shea Weber               Joel Edmundson           40     1   2  2  

Last Minutes Offensive
   Center                   Left Wing                Right Wing               Defense                  Defense                  
   Claude Giroux            Leon Draisaitl           Trevor Zegras            Shea Weber               Brenden Dillon           

Last Minutes Defensive
   Center                   Left Wing                Right Wing               Defense                  Defense                  
   Sean Monahan             Jonathan Drouin          Claude Giroux            Alexander Edler          Justin Schultz           

Goaltenders
Starting : Anton Forsberg           
Backup : Yaroslav Askarov         

Extra Forwards
Normal : Sam Gagner, Claude Giroux, Jonathan Drouin - PP : Sam Gagner, Claude Giroux - PK : Jonathan Drouin
Extra Defensemen
Normal : Justin Schultz, Alexander Edler, Shea Weber - PP : Alexander Edler - PK : Shea Weber, Noah Juulsen
Penalty Shots
Leon Draisaitl, Claude Giroux, Jonathan Drouin, Trevor Zegras, Mike Hoffman

Scratches
None

BUFFALO Sabres

5 vs 5 Forward 
   Center                   Left Wing                Right Wing               Time % Phy DF OF 
 1 Jack Eichel              Alex Tuch                Patrick Kane             37     0   2  3  
 2 Nico Hischier            Valeri Nichushkin        Jesper Bratt             33     0   2  3  
 3 Tage Thompson            Seth Jarvis              Logan O'Connor           20     1   2  2  
 4 Nick Bjugstad            Mason McTavish           Curtis Lazar             10     1   2  2  

5 vs 5 Defense 
   Defense                  Defense                                           Time % Phy DF OF 
 1 Ivan Provorov            Jonas Brodin                                      40     1   2  2  
 2 Ryan Graves              Filip Hronek                                      30     1   2  2  
 3 Jakob Chychrun           Brett Kulak                                       20     1   3  1  
 4 Ivan Provorov            Jonas Brodin                                      10     1   3  1  

PowerPlay Forward 
   Center                   Left Wing                Right Wing               Time % Phy DF OF 
 1 Nico Hischier            Alex Tuch                Jesper Bratt             60     1   2  2  
 2 Jack Eichel              Valeri Nichushkin        Tage Thompson            40     1   2  2  

PowerPlay Defense
   Defense                  Defense                                           Time % Phy DF OF 
 1 Ivan Provorov            Jonas Brodin                                      60     1   2  2  
 2 Ryan Graves              Filip Hronek                                      40     1   2  2  

Penalty Kill 4 Players Forward 
   Center                   Wing                     Time % Phy DF OF 
 1 Nico Hischier            Logan O'Connor           60     1   2  2  
 2 Nick Bjugstad            Alex Tuch                40     1   2  2  

Penalty Kill 4 Players Defense
   Defense                  Defense                  Time % Phy DF OF 
 1 Ivan Provorov            Jonas Brodin             60     1   2  2  
 2 Brett Kulak              Ryan Graves              40     1   2  2  

Penalty Kill - 3 Players Forward 
   Forward                                           Time % Phy DF OF 
 1 Nico Hischier                                     60     1   2  2  
 2 Nick Bjugstad                                     40     1   2  2  

Penalty Kill - 3 Players Defense
   Defense                  Defense                  Time % Phy DF OF 
 1 Ivan Provorov            Jonas Brodin             60     1   2  2  
 2 Brett Kulak              Ryan Graves              40     1   2  2  

4 vs 4 Forward 
   Center                   Wing                     Time % Phy DF OF 
 1 Nico Hischier            Tage Thompson            60     1   2  2  
 2 Jack Eichel              Jesper Bratt             40     1   2  2  

4 vs 4 Defense
   Defense                  Defense                  Time % Phy DF OF 
 1 Ivan Provorov            Jonas Brodin             60     1   2  2  
 2 Ryan Graves              Filip Hronek             40     1   2  2  

Last Minutes Offensive
   Center                   Left Wing                Right Wing               Defense                  Defense                  
   Nico Hischier            Alex Tuch                Jesper Bratt             Ivan Provorov            Jonas Brodin             

Last Minutes Defensive
   Center                   Left Wing                Right Wing               Defense                  Defense                  
   Nico Hischier            Logan O'Connor           Nick Bjugstad            Ivan Provorov            Jonas Brodin             

Goaltenders
Starting : Igor Shesterkin          
Backup : Connor Ingram            

Extra Forwards
Normal : Jack Eichel, Nico Hischier, Tage Thompson - PP : Jack Eichel, Nico Hischier - PK : Nico Hischier
Extra Defensemen
Normal : Ivan Provorov, Jonas Brodin, Jakob Chychrun - PP : Ivan Provorov - PK : Ryan Graves, Jonas Brodin
Penalty Shots
Nico Hischier, Tage Thompson, Alex Tuch, Jesper Bratt, Jack Eichel

Scratches
Henri Jokiharju (Healthy)

% Time on Ice - PHILADELPHIA Flyers

Lines # - Real PCT - Wanted PCT - Time Play
Normal Forward
1 - 34% - 50% - 15:07
2 - 26% - 25% - 11:44
3 - 20% - 15% - 8:58
4 - 20% - 10% - 8:49
Normal Defense
1 - 35% - 40% - 15:46
2 - 34% - 30% - 15:12
3 - 30% - 20% - 13:34
4 - 0% - 10% - 0:06
PP Forward
1 - 56% - 60% - 4:08
2 - 44% - 40% - 3:14
PP Defense
1 - 48% - 60% - 3:34
2 - 52% - 40% - 3:48
PK Forward
1 - 72% - 60% - 4:20
2 - 28% - 40% - 1:41
PK Defense
1 - 58% - 60% - 3:28
2 - 42% - 40% - 2:33
PK3 Forward
1 - 0% - 60%
2 - 0% - 40%
PK3 Defense
1 - 0% - 60%
2 - 0% - 40%
44 Forward
1 - 82% - 60% - 1:38
2 - 18% - 40% - 0:21
44 Defense
1 - 55% - 60% - 1:06
2 - 45% - 40% - 0:53
Last Minute Offensive  - 0:00
Last Minute Defensive  - 0:00
Total
Forward - 60:00
Defense - 60:00

% Time on Ice - BUFFALO Sabres

Lines # - Real PCT - Wanted PCT - Time Play
Normal Forward
1 - 39% - 37% - 17:32
2 - 30% - 33% - 13:20
3 - 21% - 20% - 9:10
4 - 10% - 10% - 4:36
Normal Defense
1 - 37% - 40% - 16:42
2 - 35% - 30% - 15:42
3 - 26% - 20% - 11:44
4 - 1% - 10% - 0:30
PP Forward
1 - 50% - 60% - 3:02
2 - 50% - 40% - 2:59
PP Defense
1 - 59% - 60% - 3:32
2 - 41% - 40% - 2:29
PK Forward
1 - 80% - 60% - 5:54
2 - 20% - 40% - 1:28
PK Defense
1 - 65% - 60% - 4:47
2 - 35% - 40% - 2:35
PK3 Forward
1 - 0% - 60%
2 - 0% - 40%
PK3 Defense
1 - 0% - 60%
2 - 0% - 40%
44 Forward
1 - 67% - 60% - 1:20
2 - 33% - 40% - 0:39
44 Defense
1 - 67% - 60% - 1:20
2 - 33% - 40% - 0:39
Last Minute Offensive  - 0:00
Last Minute Defensive  - 0:00
Total
Forward - 60:00
Defense - 60:00

Play-by-Play

1st period


0:01 of 1st period - Jack Eichel wins face-off versus Trevor Zegras in neutral zone.
0:10 of 1st period - Icing by Ivan Provorov.
0:11 of 1st period - Sean Couturier wins face-off versus Jack Eichel in BUFFALO Sabres zone.
0:16 of 1st period - Shot by Filip Chytil.
0:16 of 1st period - Deflect By Sean Couturier.
0:16 of 1st period - Shot Misses the Net.
0:43 of 1st period - Justin Schultz is hit by Ivan Provorov.
1:12 of 1st period - Icing by Trevor Zegras.
1:13 of 1st period - Trevor Zegras wins face-off versus Nico Hischier in PHILADELPHIA Flyers zone.
1:13 of 1st period - Trevor Zegras is hit by Valeri Nichushkin.
1:18 of 1st period - Trevor Zegras is hit by Ryan Graves and loses puck.
1:23 of 1st period - Shot by Leon Draisaitl.
1:23 of 1st period - Deflect By Trevor Zegras.
1:23 of 1st period - Stopped by Igor Shesterkin without a rebound.
1:24 of 1st period - Tage Thompson wins face-off versus Mike Hoffman in BUFFALO Sabres zone.
1:24 of 1st period - Tage Thompson is hit by Jonathan Drouin.
1:32 of 1st period - Seth Jarvis is hit by Jonathan Drouin and loses puck.
1:53 of 1st period - Shot by Jonathan Drouin.
1:53 of 1st period - Stopped by Igor Shesterkin without a rebound.
1:54 of 1st period - Trevor Zegras wins face-off versus Nico Hischier in BUFFALO Sabres zone.
1:56 of 1st period - Minor Penalty to Trevor Zegras for Tripping.
1:57 of 1st period - Leon Draisaitl wins face-off versus Nico Hischier in PHILADELPHIA Flyers zone.
2:15 of 1st period - Shot by Jonas Brodin.
2:15 of 1st period - Stopped by Anton Forsberg without a rebound.
2:16 of 1st period - Leon Draisaitl wins face-off versus Jack Eichel in PHILADELPHIA Flyers zone.
2:40 of 1st period - Tage Thompson is hit by Brenden Dillon and loses puck.
3:17 of 1st period - Shot by Jonas Brodin.
3:17 of 1st period - Stopped by Anton Forsberg with a rebound.
3:19 of 1st period - Shot by Nico Hischier.
3:19 of 1st period - Stopped by Anton Forsberg without a rebound.
3:20 of 1st period - Sean Couturier wins face-off versus Nico Hischier in PHILADELPHIA Flyers zone.
3:52 of 1st period - Shot by Jesper Bratt.
3:52 of 1st period - Stopped by Anton Forsberg without a rebound.
3:53 of 1st period - Jack Eichel wins face-off versus Sean Couturier in PHILADELPHIA Flyers zone.
4:09 of 1st period - Justin Schultz is hit by Brett Kulak and loses puck.
4:14 of 1st period - Shot by Josh Leivo.
4:14 of 1st period - Shot Blocked by Jakob Chychrun.
4:16 of 1st period - Shot by Justin Schultz.
4:16 of 1st period - Shot Blocked by Jakob Chychrun.
5:20 of 1st period - Shot by Ryan Graves.
5:20 of 1st period - Stopped by Anton Forsberg with a rebound.
5:36 of 1st period - Shot by Filip Hronek.
5:36 of 1st period - Deflect By Jesper Bratt.
5:36 of 1st period - Stopped by Anton Forsberg with a rebound.
6:35 of 1st period - Off-side.
6:36 of 1st period - Tage Thompson wins face-off versus Jonathan Drouin in neutral zone.
6:41 of 1st period - Shot by Logan O'Connor.
6:41 of 1st period - Stopped by Anton Forsberg without a rebound.
6:42 of 1st period - Jonathan Drouin wins face-off versus Tage Thompson in PHILADELPHIA Flyers zone.
6:42 of 1st period - Jonathan Drouin is hit by Tage Thompson.
7:14 of 1st period - Icing by Seth Jarvis.
7:15 of 1st period - Tage Thompson wins face-off versus Trevor Zegras in BUFFALO Sabres zone.
7:15 of 1st period - Tage Thompson is hit by Leon Draisaitl.
7:21 of 1st period - Shot by Jakob Chychrun.
7:21 of 1st period - Stopped by Anton Forsberg without a rebound.
7:22 of 1st period - Claude Giroux wins face-off versus Nico Hischier in PHILADELPHIA Flyers zone.
7:27 of 1st period - Shot by Leon Draisaitl.
7:27 of 1st period - Shot Misses the Net.
7:32 of 1st period - Icing by Valeri Nichushkin.
7:33 of 1st period - Nico Hischier wins face-off versus Trevor Zegras in BUFFALO Sabres zone.
7:33 of 1st period - Nico Hischier is hit by Claude Giroux.
7:43 of 1st period - Shot by Jesper Bratt.
7:43 of 1st period - Deflect By Valeri Nichushkin.
7:43 of 1st period - Shot Blocked by Shea Weber.
8:07 of 1st period - Shot by Trevor Zegras.
8:07 of 1st period - Goal by Trevor Zegras - PHILADELPHIA Flyers : 1 - BUFFALO Sabres : 0.
8:08 of 1st period - Jack Eichel wins face-off versus Sean Couturier in neutral zone.
8:45 of 1st period - Shot by Sean Monahan.
8:45 of 1st period - Stopped by Igor Shesterkin with a rebound.
8:58 of 1st period - Minor Penalty to Filip Chytil for Boarding.
8:59 of 1st period - Leon Draisaitl wins face-off versus Nico Hischier in PHILADELPHIA Flyers zone.
9:07 of 1st period - Jesper Bratt is hit by Brenden Dillon and loses puck.
9:25 of 1st period - Jesper Bratt is hit by Brenden Dillon and loses puck.
9:32 of 1st period - Shot by Alex Tuch.
9:32 of 1st period - Shot Blocked by Shea Weber.
9:34 of 1st period - Shot by Nico Hischier.
9:34 of 1st period - Shot Misses the Net.
9:36 of 1st period - Shot by Jonas Brodin.
9:36 of 1st period - Shot Misses the Net.
9:56 of 1st period - Shot by Ryan Graves.
9:56 of 1st period - Shot Misses the Net.
9:58 of 1st period - Shot by Filip Hronek.
9:58 of 1st period - Stopped by Anton Forsberg without a rebound.
9:59 of 1st period - Sean Couturier wins face-off versus Jack Eichel in PHILADELPHIA Flyers zone.
9:59 of 1st period - Sean Couturier is hit by Tage Thompson.
10:51 of 1st period - Shot by Ryan Graves.
10:51 of 1st period - Shot Misses the Net.
11:23 of 1st period - Shot by Mason McTavish.
11:23 of 1st period - Shot Blocked by Justin Schultz.
11:44 of 1st period - Icing by Justin Schultz.
11:45 of 1st period - Jonathan Drouin wins face-off versus Seth Jarvis in PHILADELPHIA Flyers zone.
11:57 of 1st period - Jonathan Drouin is hit by Tage Thompson and loses puck.
13:03 of 1st period - Alex Tuch is hit by Brenden Dillon and loses puck.
13:13 of 1st period - Icing by Shea Weber.
13:14 of 1st period - Nico Hischier wins face-off versus Trevor Zegras in PHILADELPHIA Flyers zone.
13:31 of 1st period - Shot by Nico Hischier.
13:31 of 1st period - Shot Misses the Net.
13:33 of 1st period - Shot by Nico Hischier.
13:33 of 1st period - Shot Misses the Net.
14:54 of 1st period - Shot by Jack Eichel.
14:54 of 1st period - Stopped by Anton Forsberg without a rebound.
14:55 of 1st period - Chris Tierney wins face-off versus Tage Thompson in PHILADELPHIA Flyers zone.
15:21 of 1st period - Shot by Tage Thompson.
15:21 of 1st period - Shot Blocked by Shea Weber.
15:23 of 1st period - Shot by Tage Thompson.
15:23 of 1st period - Shot Blocked by Shea Weber.
15:25 of 1st period - Shot by Logan O'Connor.
15:25 of 1st period - Stopped by Anton Forsberg with a rebound.
15:27 of 1st period - Shot by Tage Thompson.
15:27 of 1st period - Goal by Tage Thompson - PHILADELPHIA Flyers : 1 - BUFFALO Sabres : 1.
15:28 of 1st period - Nico Hischier wins face-off versus Trevor Zegras in neutral zone.
15:32 of 1st period - Icing by Justin Schultz.
15:33 of 1st period - Trevor Zegras wins face-off versus Jack Eichel in PHILADELPHIA Flyers zone.
15:33 of 1st period - Trevor Zegras is hit by Alex Tuch.
15:49 of 1st period - Claude Giroux is hit by Jonas Brodin and loses puck.
16:27 of 1st period - Off-side.
16:28 of 1st period - Nico Hischier wins face-off versus Sean Couturier in neutral zone.
16:28 of 1st period - Valeri Nichushkin is hit by Sean Monahan and loses puck.
16:43 of 1st period - Shot by Jesper Bratt.
16:43 of 1st period - Shot Misses the Net.
16:53 of 1st period - Shot by Nico Hischier.
16:53 of 1st period - Shot Misses the Net.
16:55 of 1st period - Shot by Filip Hronek.
16:55 of 1st period - Shot Blocked by Brenden Dillon.
17:01 of 1st period - Shot by Nico Hischier.
17:01 of 1st period - Goal by Nico Hischier - PHILADELPHIA Flyers : 1 - BUFFALO Sabres : 2.
17:02 of 1st period - Tage Thompson wins face-off versus Chris Tierney in neutral zone.
17:31 of 1st period - Brett Kulak is hit by Chris Tierney and loses puck.
17:41 of 1st period - Chris Tierney is hit by Brett Kulak and loses puck.
17:49 of 1st period - Icing by Tage Thompson.
17:50 of 1st period - Tage Thompson wins face-off versus Claude Giroux in BUFFALO Sabres zone.
18:16 of 1st period - Jesper Bratt is hit by Shea Weber and loses puck.
18:35 of 1st period - Shot by Claude Giroux.
18:35 of 1st period - Stopped by Igor Shesterkin without a rebound.
18:36 of 1st period - Jack Eichel wins face-off versus Sean Couturier in BUFFALO Sabres zone.
18:53 of 1st period - Filip Chytil is hit by Ryan Graves and loses puck.
19:56 of 1st period - Shot by Nick Bjugstad.
19:56 of 1st period - Shot Misses the Net.
19:58 of 1st period - Shot by Nick Bjugstad.
19:58 of 1st period - Stopped by Anton Forsberg without a rebound.
19:59 of 1st period - Trevor Zegras wins face-off versus Nico Hischier in PHILADELPHIA Flyers zone.
19:59 of 1st period - Trevor Zegras is hit by Valeri Nichushkin.
Goals for this period are 1 for PHILADELPHIA Flyers vs 2 for BUFFALO Sabres.
Shots for this period are 5 for PHILADELPHIA Flyers vs 14 for BUFFALO Sabres.

2nd period


0:01 of 2nd period - Trevor Zegras wins face-off versus Nico Hischier in neutral zone.
0:03 of 2nd period - Minor Penalty to Jesper Bratt for Slashing.
0:04 of 2nd period - Nico Hischier wins face-off versus Filip Chytil in BUFFALO Sabres zone.
0:27 of 2nd period - Shot by Claude Giroux.
0:27 of 2nd period - Shot Blocked by Jonas Brodin.
0:29 of 2nd period - Shot by Alexander Edler.
0:29 of 2nd period - Stopped by Igor Shesterkin without a rebound.
0:30 of 2nd period - Nico Hischier wins face-off versus Trevor Zegras in BUFFALO Sabres zone.
0:35 of 2nd period - Sean Couturier is hit by Logan O'Connor.
0:38 of 2nd period - Trevor Zegras is hit by Brett Kulak and loses puck.
1:07 of 2nd period - Shot by Trevor Zegras.
1:07 of 2nd period - Stopped by Igor Shesterkin without a rebound.
1:08 of 2nd period - Nico Hischier wins face-off versus Filip Chytil in BUFFALO Sabres zone.
1:27 of 2nd period - Shot by Claude Giroux.
1:27 of 2nd period - Deflect By Leon Draisaitl.
1:27 of 2nd period - Stopped by Igor Shesterkin with a rebound.
1:32 of 2nd period - Leon Draisaitl is hit by Jonas Brodin and loses puck.
1:35 of 2nd period - Shot by Leon Draisaitl.
1:35 of 2nd period - Stopped by Igor Shesterkin without a rebound.
1:36 of 2nd period - Nico Hischier wins face-off versus Trevor Zegras in BUFFALO Sabres zone.
2:00 of 2nd period - Shot by Justin Schultz.
2:00 of 2nd period - Stopped by Igor Shesterkin without a rebound.
2:01 of 2nd period - Leon Draisaitl wins face-off versus Nico Hischier in BUFFALO Sabres zone.
3:01 of 2nd period - Icing by Brenden Dillon.
3:02 of 2nd period - Trevor Zegras wins face-off versus Nico Hischier in PHILADELPHIA Flyers zone.
3:46 of 2nd period - Shot by Ryan Graves.
3:46 of 2nd period - Shot Misses the Net.
4:16 of 2nd period - Shot by Tage Thompson.
4:16 of 2nd period - Stopped by Anton Forsberg without a rebound.
4:17 of 2nd period - Jack Eichel wins face-off versus Sean Couturier in PHILADELPHIA Flyers zone.
4:26 of 2nd period - Shot by Jack Eichel.
4:26 of 2nd period - Stopped by Anton Forsberg without a rebound.
4:27 of 2nd period - Jack Eichel wins face-off versus Jonathan Drouin in PHILADELPHIA Flyers zone.
4:30 of 2nd period - Shot by Jonas Brodin.
4:30 of 2nd period - Stopped by Anton Forsberg without a rebound.
4:31 of 2nd period - Jack Eichel wins face-off versus Sean Couturier in PHILADELPHIA Flyers zone.
5:22 of 2nd period - Patrick Kane is hit by Leon Draisaitl and loses puck.
5:37 of 2nd period - Shot by Claude Giroux.
5:37 of 2nd period - Stopped by Igor Shesterkin with a rebound.
5:55 of 2nd period - Shot by Leon Draisaitl.
5:55 of 2nd period - Shot Misses the Net.
5:58 of 2nd period - Icing by Filip Hronek.
5:59 of 2nd period - Jonathan Drouin wins face-off versus Nico Hischier in BUFFALO Sabres zone.
6:08 of 2nd period - Shot by Jonathan Drouin.
6:08 of 2nd period - Stopped by Igor Shesterkin with a rebound.
6:10 of 2nd period - Shot by Noah Juulsen.
6:10 of 2nd period - Stopped by Igor Shesterkin without a rebound.
6:11 of 2nd period - Chris Tierney wins face-off versus Tage Thompson in BUFFALO Sabres zone.
6:29 of 2nd period - Icing by Alexander Edler.
6:30 of 2nd period - Chris Tierney wins face-off versus Nico Hischier in PHILADELPHIA Flyers zone.
6:38 of 2nd period - Alexander Edler is hit by Valeri Nichushkin and loses puck.
7:42 of 2nd period - Shot by Alex Tuch.
7:42 of 2nd period - Stopped by Anton Forsberg without a rebound.
7:43 of 2nd period - Trevor Zegras wins face-off versus Tage Thompson in PHILADELPHIA Flyers zone.
7:53 of 2nd period - Off-side.
7:54 of 2nd period - Claude Giroux wins face-off versus Jack Eichel in neutral zone.
8:18 of 2nd period - Off-side.
8:19 of 2nd period - Jonathan Drouin wins face-off versus Tage Thompson in neutral zone.
8:58 of 2nd period - Shot by Tage Thompson.
8:58 of 2nd period - Stopped by Anton Forsberg without a rebound.
8:59 of 2nd period - Nico Hischier wins face-off versus Trevor Zegras in PHILADELPHIA Flyers zone.
9:00 of 2nd period - Shot by Jesper Bratt.
9:00 of 2nd period - Stopped by Anton Forsberg with a rebound.
9:02 of 2nd period - Shot by Ivan Provorov.
9:02 of 2nd period - Shot Misses the Net.
9:18 of 2nd period - Shot by Nico Hischier.
9:18 of 2nd period - Stopped by Anton Forsberg without a rebound.
9:19 of 2nd period - Jack Eichel wins face-off versus Sean Couturier in PHILADELPHIA Flyers zone.
9:36 of 2nd period - Shot by Jack Eichel.
9:36 of 2nd period - Shot Misses the Net.
9:38 of 2nd period - Shot by Alex Tuch.
9:38 of 2nd period - Shot Blocked by Alexander Edler.
12:19 of 2nd period - Shot by Mason McTavish.
12:19 of 2nd period - Stopped by Anton Forsberg with a rebound.
12:21 of 2nd period - Shot by Ryan Graves.
12:21 of 2nd period - Stopped by Anton Forsberg without a rebound.
12:22 of 2nd period - Jack Eichel wins face-off versus Trevor Zegras in PHILADELPHIA Flyers zone.
12:51 of 2nd period - Shot by Leon Draisaitl.
12:51 of 2nd period - Stopped by Igor Shesterkin without a rebound.
12:52 of 2nd period - Nico Hischier wins face-off versus Sean Couturier in BUFFALO Sabres zone.
13:20 of 2nd period - Icing by Justin Schultz.
13:21 of 2nd period - Sean Couturier wins face-off versus Jack Eichel in PHILADELPHIA Flyers zone.
13:30 of 2nd period - Shot by Filip Chytil.
13:30 of 2nd period - Stopped by Igor Shesterkin with a rebound.
14:05 of 2nd period - Ivan Provorov is hit by Brenden Dillon.
14:12 of 2nd period - Icing by Leon Draisaitl.
14:13 of 2nd period - Trevor Zegras wins face-off versus Valeri Nichushkin in PHILADELPHIA Flyers zone.
14:45 of 2nd period - Valeri Nichushkin is hit by Claude Giroux and loses puck.
15:31 of 2nd period - Shot by Jonathan Drouin.
15:31 of 2nd period - Shot Misses the Net.
15:33 of 2nd period - Shot by Sam Gagner.
15:33 of 2nd period - Stopped by Igor Shesterkin without a rebound.
15:34 of 2nd period - Chris Tierney wins face-off versus Jack Eichel in BUFFALO Sabres zone.
15:44 of 2nd period - Icing by Justin Schultz.
15:45 of 2nd period - Tage Thompson wins face-off versus Chris Tierney in PHILADELPHIA Flyers zone.
16:20 of 2nd period - Shot by Logan O'Connor.
16:20 of 2nd period - Shot Misses the Net.
16:22 of 2nd period - Shot by Tage Thompson.
16:22 of 2nd period - Stopped by Anton Forsberg with a rebound.
16:30 of 2nd period - Shot by Tage Thompson.
16:30 of 2nd period - Stopped by Anton Forsberg without a rebound.
16:31 of 2nd period - Jack Eichel wins face-off versus Trevor Zegras in PHILADELPHIA Flyers zone.
16:50 of 2nd period - Shot by Leon Draisaitl.
16:50 of 2nd period - Stopped by Igor Shesterkin without a rebound.
16:51 of 2nd period - Nick Bjugstad wins face-off versus Sean Couturier in BUFFALO Sabres zone.
17:02 of 2nd period - Shot by Filip Hronek.
17:02 of 2nd period - Shot Misses the Net.
17:04 of 2nd period - Shot by Filip Hronek.
17:04 of 2nd period - Stopped by Anton Forsberg without a rebound.
17:05 of 2nd period - Jack Eichel wins face-off versus Trevor Zegras in PHILADELPHIA Flyers zone.
17:18 of 2nd period - Shot by Alex Tuch.
17:18 of 2nd period - Stopped by Anton Forsberg without a rebound.
17:19 of 2nd period - Sean Couturier wins face-off versus Nico Hischier in PHILADELPHIA Flyers zone.
17:41 of 2nd period - Minor Penalty to Jesper Bratt for Cross-checking.
17:41 of 2nd period - Minor Penalty to Joel Edmundson for Delaying the game.
17:42 of 2nd period - Claude Giroux wins face-off versus Nico Hischier in PHILADELPHIA Flyers zone.
17:42 of 2nd period - Claude Giroux is hit by Tage Thompson.
18:05 of 2nd period - Shot by Leon Draisaitl.
18:05 of 2nd period - Shot Misses the Net.
18:17 of 2nd period - Shot by Tage Thompson.
18:17 of 2nd period - Shot Blocked by Justin Schultz.
18:19 of 2nd period - Shot by Ivan Provorov.
18:19 of 2nd period - Stopped by Anton Forsberg with a rebound.
18:21 of 2nd period - Shot by Ivan Provorov.
18:21 of 2nd period - Shot Misses the Net.
18:42 of 2nd period - Brenden Dillon is hit by Filip Hronek and loses puck.
19:08 of 2nd period - Shot by Trevor Zegras.
19:08 of 2nd period - Stopped by Igor Shesterkin without a rebound.
19:09 of 2nd period - Leon Draisaitl wins face-off versus Nico Hischier in BUFFALO Sabres zone.
19:10 of 2nd period - Shot by Claude Giroux.
19:10 of 2nd period - Shot Misses the Net.
19:12 of 2nd period - Shot by Leon Draisaitl.
19:12 of 2nd period - Stopped by Igor Shesterkin without a rebound.
19:13 of 2nd period - Leon Draisaitl wins face-off versus Nico Hischier in BUFFALO Sabres zone.
19:13 of 2nd period - Leon Draisaitl is hit by Ivan Provorov.
19:15 of 2nd period - Shot by Alexander Edler.
19:15 of 2nd period - Stopped by Igor Shesterkin without a rebound.
19:16 of 2nd period - Leon Draisaitl wins face-off versus Nico Hischier in BUFFALO Sabres zone.
Goals for this period are 0 for PHILADELPHIA Flyers vs 0 for BUFFALO Sabres.
Shots for this period are 15 for PHILADELPHIA Flyers vs 14 for BUFFALO Sabres.

3rd period


0:01 of 3rd period - Jack Eichel wins face-off versus Trevor Zegras in neutral zone.
0:32 of 3rd period - Shot by Patrick Kane.
0:32 of 3rd period - Shot Misses the Net.
0:34 of 3rd period - Shot by Jack Eichel.
0:34 of 3rd period - Stopped by Anton Forsberg with a rebound.
1:17 of 3rd period - Minor Penalty to Sean Couturier for Interference.
1:18 of 3rd period - Jack Eichel wins face-off versus Leon Draisaitl in PHILADELPHIA Flyers zone.
1:21 of 3rd period - Shot by Valeri Nichushkin.
1:21 of 3rd period - Goal by Valeri Nichushkin - PHILADELPHIA Flyers : 1 - BUFFALO Sabres : 3.
1:22 of 3rd period - Sean Couturier wins face-off versus Tage Thompson in neutral zone.
1:52 of 3rd period - Icing by Ryan Graves.
1:53 of 3rd period - Tage Thompson wins face-off versus Jonathan Drouin in BUFFALO Sabres zone.
2:44 of 3rd period - Noah Juulsen is hit by Alex Tuch and loses puck.
2:45 of 3rd period - Minor Penalty to Alex Tuch for Slashing.
2:46 of 3rd period - Nico Hischier wins face-off versus Leon Draisaitl in BUFFALO Sabres zone.
3:03 of 3rd period - Shot by Alexander Edler.
3:03 of 3rd period - Stopped by Igor Shesterkin without a rebound.
3:04 of 3rd period - Nico Hischier wins face-off versus Filip Chytil in BUFFALO Sabres zone.
3:17 of 3rd period - Shot by Leon Draisaitl.
3:17 of 3rd period - Goal by Leon Draisaitl - PHILADELPHIA Flyers : 2 - BUFFALO Sabres : 3.
3:18 of 3rd period - Chris Tierney wins face-off versus Jack Eichel in neutral zone.
3:20 of 3rd period - Off-side.
3:21 of 3rd period - Trevor Zegras wins face-off versus Jack Eichel in neutral zone.
3:24 of 3rd period - Alex Tuch is hit by Leon Draisaitl and loses puck.
3:39 of 3rd period - Shot by Trevor Zegras.
3:39 of 3rd period - Shot Misses the Net.
3:53 of 3rd period - Icing by Shea Weber.
3:54 of 3rd period - Valeri Nichushkin wins face-off versus Trevor Zegras in PHILADELPHIA Flyers zone.
3:54 of 3rd period - Nico Hischier is hit by Brenden Dillon.
4:08 of 3rd period - Shot by Jesper Bratt.
4:08 of 3rd period - Shot Misses the Net.
4:48 of 3rd period - Shot by Filip Chytil.
4:48 of 3rd period - Stopped by Igor Shesterkin without a rebound.
4:49 of 3rd period - Jonathan Drouin wins face-off versus Alex Tuch in BUFFALO Sabres zone.
5:03 of 3rd period - Patrick Kane is hit by Noah Juulsen and loses puck.
5:22 of 3rd period - Shot by Jack Eichel.
5:22 of 3rd period - Shot Blocked by Noah Juulsen.
5:24 of 3rd period - Shot by Jonas Brodin.
5:24 of 3rd period - Stopped by Anton Forsberg without a rebound.
5:25 of 3rd period - Nick Bjugstad wins face-off versus Trevor Zegras in PHILADELPHIA Flyers zone.
5:25 of 3rd period - Nick Bjugstad is hit by Shea Weber.
5:30 of 3rd period - Icing by Claude Giroux.
5:31 of 3rd period - Claude Giroux wins face-off versus Nick Bjugstad in PHILADELPHIA Flyers zone.
5:55 of 3rd period - Icing by Shea Weber.
5:56 of 3rd period - Trevor Zegras wins face-off versus Nico Hischier in PHILADELPHIA Flyers zone.
5:56 of 3rd period - Trevor Zegras is hit by Jesper Bratt.
6:06 of 3rd period - Ivan Provorov is hit by Leon Draisaitl and loses puck.
6:08 of 3rd period - Minor Penalty to Ivan Provorov for Charging.
6:09 of 3rd period - Nico Hischier wins face-off versus Trevor Zegras in BUFFALO Sabres zone.
7:07 of 3rd period - Shot by Brenden Dillon.
7:07 of 3rd period - Stopped by Igor Shesterkin without a rebound.
7:08 of 3rd period - Filip Chytil wins face-off versus Nico Hischier in BUFFALO Sabres zone.
7:17 of 3rd period - Shot by Leon Draisaitl.
7:17 of 3rd period - Stopped by Igor Shesterkin without a rebound.
7:18 of 3rd period - Nico Hischier wins face-off versus Filip Chytil in BUFFALO Sabres zone.
7:37 of 3rd period - Shot by Leon Draisaitl.
7:37 of 3rd period - Deflect By Claude Giroux.
7:37 of 3rd period - Stopped by Igor Shesterkin without a rebound.
7:38 of 3rd period - Trevor Zegras wins face-off versus Nico Hischier in BUFFALO Sabres zone.
8:57 of 3rd period - Minor Penalty to Jakob Chychrun for Cross-checking.
8:58 of 3rd period - Nico Hischier wins face-off versus Filip Chytil in BUFFALO Sabres zone.
8:58 of 3rd period - Nico Hischier is hit by Leon Draisaitl.
10:11 of 3rd period - Shot by Trevor Zegras.
10:11 of 3rd period - Shot Misses the Net.
10:13 of 3rd period - Shot by Brenden Dillon.
10:13 of 3rd period - Stopped by Igor Shesterkin without a rebound.
10:14 of 3rd period - Trevor Zegras wins face-off versus Nico Hischier in BUFFALO Sabres zone.
10:17 of 3rd period - Shot by Sean Couturier.
10:17 of 3rd period - Stopped by Igor Shesterkin without a rebound.
10:18 of 3rd period - Trevor Zegras wins face-off versus Nico Hischier in BUFFALO Sabres zone.
12:12 of 3rd period - Shot by Jack Eichel.
12:12 of 3rd period - Shot Blocked by Joel Edmundson.
12:14 of 3rd period - Shot by Jonas Brodin.
12:14 of 3rd period - Stopped by Anton Forsberg without a rebound.
12:15 of 3rd period - Trevor Zegras wins face-off versus Nico Hischier in PHILADELPHIA Flyers zone.
12:15 of 3rd period - Trevor Zegras is hit by Valeri Nichushkin.
12:23 of 3rd period - Shot by Jesper Bratt.
12:23 of 3rd period - Stopped by Anton Forsberg without a rebound.
12:24 of 3rd period - Nico Hischier wins face-off versus Trevor Zegras in PHILADELPHIA Flyers zone.
12:25 of 3rd period - Shot by Valeri Nichushkin.
12:25 of 3rd period - Shot Misses the Net.
12:52 of 3rd period - Claude Giroux is hit by Filip Hronek.
13:02 of 3rd period - Shot by Valeri Nichushkin.
13:02 of 3rd period - Stopped by Anton Forsberg without a rebound.
13:03 of 3rd period - Sean Couturier wins face-off versus Jack Eichel in PHILADELPHIA Flyers zone.
13:26 of 3rd period - Jonas Brodin is hit by Alexander Edler.
13:40 of 3rd period - Shot by Jack Eichel.
13:40 of 3rd period - Shot Misses the Net.
15:16 of 3rd period - Shot by Jonathan Drouin.
15:16 of 3rd period - Stopped by Igor Shesterkin without a rebound.
15:17 of 3rd period - Jack Eichel wins face-off versus Chris Tierney in BUFFALO Sabres zone.
15:26 of 3rd period - Joel Edmundson is hit by Ivan Provorov.
15:37 of 3rd period - Patrick Kane is hit by Noah Juulsen and loses puck.
16:09 of 3rd period - Icing by Joel Edmundson.
16:10 of 3rd period - Nico Hischier wins face-off versus Chris Tierney in PHILADELPHIA Flyers zone.
16:20 of 3rd period - Minor Penalty to Josh Leivo for Holding.
16:21 of 3rd period - Nico Hischier wins face-off versus Leon Draisaitl in PHILADELPHIA Flyers zone.
16:37 of 3rd period - Alex Tuch is hit by Shea Weber and loses puck.
17:21 of 3rd period - Icing by Valeri Nichushkin.
17:22 of 3rd period - Sean Couturier wins face-off versus Jack Eichel in BUFFALO Sabres zone.
17:23 of 3rd period - Shot by Trevor Zegras.
17:23 of 3rd period - Stopped by Igor Shesterkin without a rebound.
17:24 of 3rd period - Leon Draisaitl wins face-off versus Jack Eichel in BUFFALO Sabres zone.
17:40 of 3rd period - Icing by Ivan Provorov.
17:41 of 3rd period - Leon Draisaitl wins face-off versus Jack Eichel in BUFFALO Sabres zone.
17:53 of 3rd period - Leon Draisaitl is hit by Jonas Brodin and loses puck.
18:05 of 3rd period - Ivan Provorov is hit by Brenden Dillon and loses puck.
18:35 of 3rd period - Mason McTavish is hit by Justin Schultz and loses puck.
18:39 of 3rd period - Icing by Justin Schultz.
18:40 of 3rd period - Mike Hoffman wins face-off versus Jack Eichel in PHILADELPHIA Flyers zone.
18:40 of 3rd period - Mike Hoffman is hit by Alex Tuch.
18:57 of 3rd period - Alex Tuch is hit by Mike Hoffman and loses puck.
19:06 of 3rd period - Minor Penalty to Jack Eichel for Tripping.
19:07 of 3rd period - Filip Chytil wins face-off versus Logan O'Connor in BUFFALO Sabres zone.
19:08 of 3rd period - PHILADELPHIA Flyers, Anton Forsberg is pulled from the net.
19:16 of 3rd period - Shot by Claude Giroux.
19:16 of 3rd period - Shot Blocked by Jonas Brodin.
19:18 of 3rd period - Shot by Shea Weber.
19:18 of 3rd period - Stopped by Igor Shesterkin without a rebound.
19:19 of 3rd period - Filip Chytil wins face-off versus Logan O'Connor in BUFFALO Sabres zone.
19:46 of 3rd period - Ryan Graves is hit by Claude Giroux and loses puck.
Goals for this period are 1 for PHILADELPHIA Flyers vs 1 for BUFFALO Sabres.
Shots for this period are 11 for PHILADELPHIA Flyers vs 6 for BUFFALO Sabres. Output by the SimonT Hockey Simulator (STHS) for Martin Benoit - Original Page W3C HTML5 Valid
Hockey Simulator - Hockey Simulation - Hockey Manager